 Dungeon Crawl Stone Soup version 0.26.0-10-g1f06aea511 (webtiles) character file.

Game seed: 6690435251522217606

4 inc the Caller (level 1, -1/7 HPs)
             Began as a Felid Summoner on Feb 2, 2021.
             Slain by a goblin
             ... wielding a +0 dagger
              (3 damage)
             ... on level 2 of the Dungeon.
             The game lasted 00:00:44 (364 turns).

inc the Caller (Felid Summoner)                      Turns: 364, Time: 00:00:44

Health: -1/7       AC:  1    Str:  4    XL:     1   Next: 58%
Magic:  2/4        EV: 18    Int: 16    God:
Gold:   31         SH:  0    Dex: 16    Spells: 3/4 levels left
                                        Lives:  0   Deaths: 0

rFire    . . .     SeeInvis +   (weapon unavailable)
rCold    . . .     Faith    .   (shield unavailable)
rNeg     . . .     Spirit   .   (armour unavailable)
rPois    .         Reflect  .   (helmet unavailable)
rElec    .         Harm     .   (cloak unavailable)
rCorr    .         Rampage  .   (gloves unavailable)
Will     .....                  (boots unavailable)
Stlth    +++.......             (no amulet)
HPRegen  0.02/turn              (no ring)
MPRegen  0.09/turn              (no ring)

@: quick
A: very small, no armour, no weapons or thrown items, stealth, claws 1, fangs 3,
see invisible, speed 1, shaggy fur 1, sharp paws
a: no special abilities


You were on level 2 of the Dungeon.
You visited 1 branch of the dungeon, and saw 2 of its levels.

You collected 31 gold pieces.

Inventory:

Jewellery
 b - an uncursed ring of ice {unknown}
Scrolls
 a - a scroll of teleportation {unknown}
 c - a scroll of identify {unknown}


   Skills:
 - Level 2.6 Dodging
 - Level 2.6 Stealth
 - Level 2.0 Spellcasting
 + Level 4.2 Summonings


You had 3 spell levels left.
You knew the following spells:

 Your Spells              Type           Power        Failure   Level
a - Summon Small Mammal   Summ           60%          3%          1

Your spell library contained the following spells:

 Spells                   Type           Power        Failure   Level
 Call Imp                 Summ           15%          5%          2
 Call Canine Familiar     Summ           15%          11%         3
 Summon Guardian Golem    Hex/Summ       8%           26%         3
 Summon Ice Beast         Ice/Summ       8%           65%         4
 Summon Lightning Spire   Summ/Air       8%           65%         4


Dungeon Overview and Level Annotations

Branches:
Dungeon (2/15)

Altars:


Innate Abilities, Weirdness & Mutations

You cannot wear armour.
You are incapable of wielding weapons or throwing items.
Your paws allow you to move quietly. (Stealth)
You have sharp claws.
You have razor-sharp teeth.
You have supernaturally acute eyesight. (SInv)
You cover ground quickly.
You are covered in fur. (AC +1)
Your sharp claws are effective at attacking unaware monsters.


Message History

The kobold hits your rat with a cursed -1 short sword.
Your rat dies!
Your rat's corpse disappears in a puff of smoke!
The kobold shouts!
The goblin shouts!
Casting: Summon Small Mammal (safe; 3% risk of failure)
Confirm with . or Enter, or press ? or * to list all spells.
The kobold hits you but does no damage.
Your bat hits the kobold.
The kobold dies!
The goblin hits you with a +0 dagger.
Ouch! That really hurt!
* * * LOW HITPOINT WARNING * * *
You closely miss the goblin. The goblin closely misses you.
Your bat misses the goblin.
Your bat closely misses the goblin.
Your bat hits the goblin.
Casting: Summon Small Mammal (safe; 3% risk of failure)
Confirm with . or Enter, or press ? or * to list all spells.
Your bat barely misses the goblin.
The goblin hits you with a +0 dagger.
You die...

.. #. #.## ######
..### ###.....##
#g..#
.......$.###...#
#....!....##...#
#.........##...#
###.....b.@g.)...#
..........b##..>#
###.........##...#
#...........##...#
#.........##...#
#.........######
#..<......###
#.....<.....#
##.......##.##


You could see a goblin and 2 friendly bats.

Vanquished Creatures
  A giant cockroach (D:2)
  A hobgoblin (D:2)
  A ball python (D:2)
  A bat (D:2)
4 creatures vanquished.

Vanquished Creatures (collateral kills)
  A bat (D:2)
  A kobold (D:2)
2 creatures vanquished.

Grand Total: 6 creatures vanquished

Notes
Turn   | Place    | Note
-------+----------+-------------------------------------------
     0 | D:1      | inc the Felid Summoner began the quest for the Orb.
     0 | D:1      | Reached XP level 1. HP: 7/7 MP: 4/4
   364 | D:2      | Slain by a goblin

Illustrated notes

Levels and vault maps discovered:
D:1:      nzn_arrival_settlement, layout_basic, serial_forest,
          infiniplex_forest_lined_3, infiniplex_forest_lined_2,
          infiniplex_forest_end_3, infiniplex_forest_straight_1,
          infiniplex_forest_straight_5, infiniplex_forest_end_1,
          infiniplex_forest_zigzag_2, infiniplex_forest_3_way,
          infiniplex_forest_side_room
D:2:      layout_rooms, st_stairs_13, interstate_on_off

Action                   || total
-------------------------++-------
Melee: Unarmed           ||    18
       Bite              ||     1
 Cast: Summon Small Mamm ||     5
 Stab: Sleeping          ||     2
Dodge: Dodged            ||    17
